 Dungeon Crawl Stone Soup version 0.20-a0-350-ga83eecc (console) character file.

56 nht the Ruffian (level 3, -1/28 HPs)
             Began as a Draconian Transmuter on Dec 23, 2016.
             Slain by Sigmund
             ... wielding a +0 scythe
              (12 damage)
             ... on level 2 of the Dungeon.
             The game lasted 00:02:24 (1208 turns).

nht the Ruffian (Draconian Transmuter)              Turns: 1208, Time: 00:02:25

Health: -1/28      AC:  5    Str: 14    XL:     3   Next: 69%
Magic:  6/6        EV: 12    Int: 14    God:
Gold:   53         SH:  0    Dex: 11    Spells: 6/6 levels left

rFire  . . .     SeeInvis +       - Unarmed
rCold  . . .     Gourm    .     (armour unavailable)
rNeg   . . .     Faith    .     (no shield)
rPois  .         Spirit   .     (helmet restricted)
rElec  .         Reflect  .     (no cloak)
rCorr  .         Harm     .     (no gloves)
MR     .....                    (no boots)
Stlth  +.........               (no amulet)
                                (no ring)
                                (no ring)

@: confused
A: unfitting armour, horns 1, see invisible, strong 1, cold-blooded, AC +5
a: no special abilities


You were on level 2 of the Dungeon.
You were not hungry.

You visited 1 branch of the dungeon, and saw 2 of its levels.

You collected 53 gold pieces.

Inventory:

Missiles
 a - 35 arrows
Scrolls
 i - a scroll of identify
 l - a scroll of enchant weapon
Potions
 e - 2 potions of flight
Books
 b - a book of Changes

   Spells                             Type                      Level
   a - Beastly Appendage              Transmutation                1
   b - Sticks to Snakes               Transmutation                2
   c - Spider Form                    Transmutation/Poison         3
   d - Ice Form                       Ice/Transmutation            4
   e - Blade Hands                    Transmutation                5
Comestibles
 c - 2 bread rations
 d - 9 chunks of flesh
 f - 2 meat rations


   Skills:
 - Level 1.1 Fighting
 - Level 1.7 Dodging
 + Level 4.7 Unarmed Combat
 - Level 2.0 Spellcasting
   Level 2.0 Transmutations


You had 6 spell levels left.
You didn't know any spells.

Dungeon Overview and Level Annotations

Branches:
Dungeon (2/15)

Altars:

Annotations:
D:2 Sigmund


Innate Abilities, Weirdness & Mutations

Your plain brown scales are hard. (AC +5)
You cannot fit into any form of body armour.
You are cold-blooded and may be slowed by cold attacks.
You have a pair of small horns on your head.
You have supernaturally acute eyesight. (SInv)
Your muscles are strong. (Str +2)


Message History

Sigmund hits you but does no damage.
You feel less wooden. Sigmund misses you. Sigmund barely misses you.
Okay, then.
Okay, then.
You aren't carrying any items that you can evoke.
You hit Sigmund.
Sigmund is lightly wounded.
You hit Sigmund.
Sigmund is lightly wounded.
Sigmund closely misses you.
You hit Sigmund. You headbutt Sigmund.
Sigmund is moderately wounded.
You hit Sigmund.
Sigmund is heavily wounded.
Sigmund casts a spell at you.
You are confused.
You bump into the rock wall.
Sigmund hits you with a scythe!
You die...

██.........█
█....)..██.█████
..........█....█
█.......██.███.█
███.)......█
█.███ █...███..█
█...█ ███.█ █..█
███.█ █.███.██
█.█ █.....█ █@█
███.███ █@█ █.█
█.█ █.█ █.█ █.█
█.█ █<. ..█ ...
███ █.. █..█


You could see Sigmund (invisible).

Vanquished Creatures
  An adder (D:2)
  A leopard gecko (D:1)
  A giant cockroach (D:1)
  5 goblins (D:1)
  2 hobgoblins
  14 jackals
  3 kobolds (D:1)
  7 bats (D:1)
  A frilled lizard (D:1)
  4 rats
39 creatures vanquished.

Notes
Turn   | Place    | Note
-------+----------+-------------------------------------------
     0 | D:1      | nht the Draconian Transmuter began the quest for the Orb.
     0 | D:1      | Reached XP level 1. HP: 16/16 MP: 3/3
   393 | D:1      | Reached XP level 2. HP: 19/23 MP: 5/5
   607 | D:1      | Reached skill level 4 in Unarmed Combat
   721 | D:1      | Reached XP level 3. HP: 13/28 MP: 6/6
  1152 | D:2      | Noticed Sigmund
  1156 | D:2      | Gained mutation: Your muscles are strong. (Str +2) [potion of mutation]
  1156 | D:2      | Gained mutation: You have supernaturally acute eyesight. (SInv) [potion of mutation]
  1156 | D:2      | Gained mutation: You have a pair of small horns on your head. [potion of mutation]
  1158 | D:2      | fuck
  1208 | D:2      | Slain by Sigmund

Vault maps used:
D:1:      evilmike_arrival_rings
D:2:      chequers_ecumenical_altar_island, yredelemnul_altar_generic,
          uniq_sigmund, uniq_robin, uniq_iyjb

Skill      XL: |  1  2 |
---------------+-------+-----
Unarmed Combat | 4 |  4.7
Fighting       | |  1.1
Dodging        | |  1.7
Spellcasting   | |  2.0
Transmutations | |  2.0

Action                   || total
-------------------------++-------
Melee: Unarmed           ||   171
       Tailslap          ||     7
       Punch             ||     1
       Headbutt          ||     1
  Use: Scroll            ||     4
       Potion            ||     3
  Eat: Chunk             ||     1
Armor: Skin              ||    81
Dodge: Dodged            ||   174
